Workbook

Sheet AP Aging
B2: Accounts Payable Aging Report | J2: Brightwater Foods Distribution | O2: AGED AS OF | Q2: 46295
J3: Bills owed to suppliers, aged by days past due
B5: Total owed | D5: Current | G5: 1–30 days | I5: 31–60 days | L5: 61–90 days | N5: Over 90 days | R5: Discounts still open
B6: =I25 | D6: =L25 | G6: =M25 | I6: =N25 | L6: =O25 | N6: =P25 | R6: =SUMPRODUCT((Q10:Q24>0)*(R10:R24>=$Q$2)*(I10:I24>0),I10:I24,Q10:Q24)
B7: =COUNTIFS(I10:I24,">0")&" open bills · "&COUNTIFS(J10:J24,">0",I10:I24,">0")&" past due" | D7: =TEXT(L26,"0%")&" of total · "&COUNTIF($K$10:$K$24,"Current")&IF(COUNTIF($K$10:$K$24,"Current")=1," bill"," bills") | G7: =TEXT(M26,"0%")&" of total · "&COUNTIF($K$10:$K$24,"1–30")&IF(COUNTIF($K$10:$K$24,"1–30")=1," bill"," bills") | I7: =TEXT(N26,"0%")&" of total · "&COUNTIF($K$10:$K$24,"31–60")&IF(COUNTIF($K$10:$K$24,"31–60")=1," bill"," bills") | L7: =TEXT(O26,"0%")&" of total · "&COUNTIF($K$10:$K$24,"61–90")&IF(COUNTIF($K$10:$K$24,"61–90")=1," bill"," bills") | N7: =TEXT(P26,"0%")&" of total · "&COUNTIF($K$10:$K$24,"90+")&IF(COUNTIF($K$10:$K$24,"90+")=1," bill"," bills") | R7: saved if paid before the deadline
B9: Vendor | C9: Invoice # | D9: Invoice date | E9: Terms | F9: Due date | G9: Amount | H9: Paid | I9: Balance | J9: Days late | K9: Status | L9: Current | M9: 1–30 | N9: 31–60 | O9: 61–90 | P9: 90+ | Q9: Disc % | R9: Disc by | S9: Notes
B10: Midland Dairy Co-op | C10: MD-88412 | D10: 46283 | E10: 30 | F10: =IF(D10="","",D10+E10) | G10: 18450 | H10: 0 | I10: =IF(G10="","",G10-H10) | J10: =IF(OR(F10="",N(I10)<=0),0,MAX(0,$Q$2-F10)) | K10: =IF(I10="","",IF(I10<=0,"Paid",IF(J10=0,"Current",IF(J10<=30,"1–30",IF(J10<=60,"31–60",IF(J10<=90,"61–90","90+")))))) | L10: =IF(K10="Current",I10,0) | M10: =IF(K10="1–30",I10,0) | N10: =IF(K10="31–60",I10,0) | O10: =IF(K10="61–90",I10,0) | P10: =IF(K10="90+",I10,0) | Q10: 0.02 | R10: =IF(OR(Q10="",Q10=0),"",D10+10)
B11: Midland Dairy Co-op | C11: MD-88267 | D11: 46255 | E11: 30 | F11: =IF(D11="","",D11+E11) | G11: 17980 | H11: 0 | I11: =IF(G11="","",G11-H11) | J11: =IF(OR(F11="",N(I11)<=0),0,MAX(0,$Q$2-F11)) | K11: =IF(I11="","",IF(I11<=0,"Paid",IF(J11=0,"Current",IF(J11<=30,"1–30",IF(J11<=60,"31–60",IF(J11<=90,"61–90","90+")))))) | L11: =IF(K11="Current",I11,0) | M11: =IF(K11="1–30",I11,0) | N11: =IF(K11="31–60",I11,0) | O11: =IF(K11="61–90",I11,0) | P11: =IF(K11="90+",I11,0) | Q11: 0.02 | R11: =IF(OR(Q11="",Q11=0),"",D11+10) | S11: Paid on vendor call last month
B12: Sunfield Produce | C12: SP-2291 | D12: 46289 | E12: 14 | F12: =IF(D12="","",D12+E12) | G12: 9320 | H12: 0 | I12: =IF(G12="","",G12-H12) | J12: =IF(OR(F12="",N(I12)<=0),0,MAX(0,$Q$2-F12)) | K12: =IF(I12="","",IF(I12<=0,"Paid",IF(J12=0,"Current",IF(J12<=30,"1–30",IF(J12<=60,"31–60",IF(J12<=90,"61–90","90+")))))) | L12: =IF(K12="Current",I12,0) | M12: =IF(K12="1–30",I12,0) | N12: =IF(K12="31–60",I12,0) | O12: =IF(K12="61–90",I12,0) | P12: =IF(K12="90+",I12,0)
B13: Sunfield Produce | C13: SP-2240 | D13: 46268 | E13: 14 | F13: =IF(D13="","",D13+E13) | G13: 8775 | H13: 0 | I13: =IF(G13="","",G13-H13) | J13: =IF(OR(F13="",N(I13)<=0),0,MAX(0,$Q$2-F13)) | K13: =IF(I13="","",IF(I13<=0,"Paid",IF(J13=0,"Current",IF(J13<=30,"1–30",IF(J13<=60,"31–60",IF(J13<=90,"61–90","90+")))))) | L13: =IF(K13="Current",I13,0) | M13: =IF(K13="1–30",I13,0) | N13: =IF(K13="31–60",I13,0) | O13: =IF(K13="61–90",I13,0) | P13: =IF(K13="90+",I13,0) | S13: Credit hold warning 28 Sep
B14: Keystone Fuel | C14: KF-90214 | D14: 46291 | E14: 10 | F14: =IF(D14="","",D14+E14) | G14: 7140 | H14: 0 | I14: =IF(G14="","",G14-H14) | J14: =IF(OR(F14="",N(I14)<=0),0,MAX(0,$Q$2-F14)) | K14: =IF(I14="","",IF(I14<=0,"Paid",IF(J14=0,"Current",IF(J14<=30,"1–30",IF(J14<=60,"31–60",IF(J14<=90,"61–90","90+")))))) | L14: =IF(K14="Current",I14,0) | M14: =IF(K14="1–30",I14,0) | N14: =IF(K14="31–60",I14,0) | O14: =IF(K14="61–90",I14,0) | P14: =IF(K14="90+",I14,0)
B15: Keystone Fuel | C15: KF-90107 | D15: 46277 | E15: 10 | F15: =IF(D15="","",D15+E15) | G15: 6880 | H15: 6880 | I15: =IF(G15="","",G15-H15) | J15: =IF(OR(F15="",N(I15)<=0),0,MAX(0,$Q$2-F15)) | K15: =IF(I15="","",IF(I15<=0,"Paid",IF(J15=0,"Current",IF(J15<=30,"1–30",IF(J15<=60,"31–60",IF(J15<=90,"61–90","90+")))))) | L15: =IF(K15="Current",I15,0) | M15: =IF(K15="1–30",I15,0) | N15: =IF(K15="31–60",I15,0) | O15: =IF(K15="61–90",I15,0) | P15: =IF(K15="90+",I15,0)
B16: Coastal Packaging | C16: CP-10455 | D16: 46287 | E16: 30 | F16: =IF(D16="","",D16+E16) | G16: 6240 | H16: 0 | I16: =IF(G16="","",G16-H16) | J16: =IF(OR(F16="",N(I16)<=0),0,MAX(0,$Q$2-F16)) | K16: =IF(I16="","",IF(I16<=0,"Paid",IF(J16=0,"Current",IF(J16<=30,"1–30",IF(J16<=60,"31–60",IF(J16<=90,"61–90","90+")))))) | L16: =IF(K16="Current",I16,0) | M16: =IF(K16="1–30",I16,0) | N16: =IF(K16="31–60",I16,0) | O16: =IF(K16="61–90",I16,0) | P16: =IF(K16="90+",I16,0) | Q16: 0.01 | R16: =IF(OR(Q16="",Q16=0),"",D16+10) | S16: Take discount by Oct 2
B17: Coastal Packaging | C17: CP-10302 | D17: 46231 | E17: 30 | F17: =IF(D17="","",D17+E17) | G17: 5980 | H17: 3000 | I17: =IF(G17="","",G17-H17) | J17: =IF(OR(F17="",N(I17)<=0),0,MAX(0,$Q$2-F17)) | K17: =IF(I17="","",IF(I17<=0,"Paid",IF(J17=0,"Current",IF(J17<=30,"1–30",IF(J17<=60,"31–60",IF(J17<=90,"61–90","90+")))))) | L17: =IF(K17="Current",I17,0) | M17: =IF(K17="1–30",I17,0) | N17: =IF(K17="31–60",I17,0) | O17: =IF(K17="61–90",I17,0) | P17: =IF(K17="90+",I17,0) | S17: Part-paid; balance agreed
B18: Ridgeway Logistics | C18: RL-7731 | D18: 46280 | E18: 15 | F18: =IF(D18="","",D18+E18) | G18: 4860 | H18: 0 | I18: =IF(G18="","",G18-H18) | J18: =IF(OR(F18="",N(I18)<=0),0,MAX(0,$Q$2-F18)) | K18: =IF(I18="","",IF(I18<=0,"Paid",IF(J18=0,"Current",IF(J18<=30,"1–30",IF(J18<=60,"31–60",IF(J18<=90,"61–90","90+")))))) | L18: =IF(K18="Current",I18,0) | M18: =IF(K18="1–30",I18,0) | N18: =IF(K18="31–60",I18,0) | O18: =IF(K18="61–90",I18,0) | P18: =IF(K18="90+",I18,0)
B19: Ridgeway Logistics | C19: RL-7612 | D19: 46249 | E19: 15 | F19: =IF(D19="","",D19+E19) | G19: 4615 | H19: 0 | I19: =IF(G19="","",G19-H19) | J19: =IF(OR(F19="",N(I19)<=0),0,MAX(0,$Q$2-F19)) | K19: =IF(I19="","",IF(I19<=0,"Paid",IF(J19=0,"Current",IF(J19<=30,"1–30",IF(J19<=60,"31–60",IF(J19<=90,"61–90","90+")))))) | L19: =IF(K19="Current",I19,0) | M19: =IF(K19="1–30",I19,0) | N19: =IF(K19="31–60",I19,0) | O19: =IF(K19="61–90",I19,0) | P19: =IF(K19="90+",I19,0) | S19: 1.5%/mo late fee applies
B20: Apex Refrigeration | C20: AX-5520 | D20: 46192 | E20: 30 | F20: =IF(D20="","",D20+E20) | G20: 3450 | H20: 0 | I20: =IF(G20="","",G20-H20) | J20: =IF(OR(F20="",N(I20)<=0),0,MAX(0,$Q$2-F20)) | K20: =IF(I20="","",IF(I20<=0,"Paid",IF(J20=0,"Current",IF(J20<=30,"1–30",IF(J20<=60,"31–60",IF(J20<=90,"61–90","90+")))))) | L20: =IF(K20="Current",I20,0) | M20: =IF(K20="1–30",I20,0) | N20: =IF(K20="31–60",I20,0) | O20: =IF(K20="61–90",I20,0) | P20: =IF(K20="90+",I20,0) | S20: DISPUTED: repeat compressor call
B21: Lakeview Facilities | C21: LF-1188 | D21: 46235 | E21: 45 | F21: =IF(D21="","",D21+E21) | G21: 2650 | H21: 0 | I21: =IF(G21="","",G21-H21) | J21: =IF(OR(F21="",N(I21)<=0),0,MAX(0,$Q$2-F21)) | K21: =IF(I21="","",IF(I21<=0,"Paid",IF(J21=0,"Current",IF(J21<=30,"1–30",IF(J21<=60,"31–60",IF(J21<=90,"61–90","90+")))))) | L21: =IF(K21="Current",I21,0) | M21: =IF(K21="1–30",I21,0) | N21: =IF(K21="31–60",I21,0) | O21: =IF(K21="61–90",I21,0) | P21: =IF(K21="90+",I21,0)
B22: Harlan Paper Goods | C22: HP-33018 | D22: 46275 | E22: 30 | F22: =IF(D22="","",D22+E22) | G22: 2315.4 | H22: 0 | I22: =IF(G22="","",G22-H22) | J22: =IF(OR(F22="",N(I22)<=0),0,MAX(0,$Q$2-F22)) | K22: =IF(I22="","",IF(I22<=0,"Paid",IF(J22=0,"Current",IF(J22<=30,"1–30",IF(J22<=60,"31–60",IF(J22<=90,"61–90","90+")))))) | L22: =IF(K22="Current",I22,0) | M22: =IF(K22="1–30",I22,0) | N22: =IF(K22="31–60",I22,0) | O22: =IF(K22="61–90",I22,0) | P22: =IF(K22="90+",I22,0)
B23: Harlan Paper Goods | C23: HP-32877 | D23: 46171 | E23: 30 | F23: =IF(D23="","",D23+E23) | G23: 1186.2 | H23: 0 | I23: =IF(G23="","",G23-H23) | J23: =IF(OR(F23="",N(I23)<=0),0,MAX(0,$Q$2-F23)) | K23: =IF(I23="","",IF(I23<=0,"Paid",IF(J23=0,"Current",IF(J23<=30,"1–30",IF(J23<=60,"31–60",IF(J23<=90,"61–90","90+")))))) | L23: =IF(K23="Current",I23,0) | M23: =IF(K23="1–30",I23,0) | N23: =IF(K23="31–60",I23,0) | O23: =IF(K23="61–90",I23,0) | P23: =IF(K23="90+",I23,0) | S23: Invoice never approved
F24: =IF(D24="","",D24+E24) | I24: =IF(G24="","",G24-H24) | J24: =IF(OR(F24="",N(I24)<=0),0,MAX(0,$Q$2-F24)) | K24: =IF(I24="","",IF(I24<=0,"Paid",IF(J24=0,"Current",IF(J24<=30,"1–30",IF(J24<=60,"31–60",IF(J24<=90,"61–90","90+")))))) | L24: =IF(K24="Current",I24,0) | M24: =IF(K24="1–30",I24,0) | N24: =IF(K24="31–60",I24,0) | O24: =IF(K24="61–90",I24,0) | P24: =IF(K24="90+",I24,0)
B25: TOTAL | G25: =SUM(G10:G24) | H25: =SUM(H10:H24) | I25: =SUM(I10:I24) | L25: =SUM(L10:L24) | M25: =SUM(M10:M24) | N25: =SUM(N10:N24) | O25: =SUM(O10:O24) | P25: =SUM(P10:P24)
B26: % of open balance | L26: =IFERROR(L25/$I$25,0) | M26: =IFERROR(M25/$I$25,0) | N26: =IFERROR(N25/$I$25,0) | O26: =IFERROR(O25/$I$25,0) | P26: =IFERROR(P25/$I$25,0)

Sheet By Vendor
B2: Aging by vendor · who to pay first
B4: Vendor | C4: Open balance | D4: Current | E4: 1–30 | F4: 31–60 | G4: 61–90 | H4: 90+ | I4: Oldest (days) | J4: Suggested action
B5: Midland Dairy Co-op | C5: =SUMIFS('AP Aging'!$I$10:$I$24,'AP Aging'!$B$10:$B$24,B5) | D5: =SUMIFS('AP Aging'!$L$10:$L$24,'AP Aging'!$B$10:$B$24,B5) | E5: =SUMIFS('AP Aging'!$M$10:$M$24,'AP Aging'!$B$10:$B$24,B5) | F5: =SUMIFS('AP Aging'!$N$10:$N$24,'AP Aging'!$B$10:$B$24,B5) | G5: =SUMIFS('AP Aging'!$O$10:$O$24,'AP Aging'!$B$10:$B$24,B5) | H5: =SUMIFS('AP Aging'!$P$10:$P$24,'AP Aging'!$B$10:$B$24,B5) | I5: =SUMPRODUCT(MAX(('AP Aging'!$B$10:$B$24=B5)*('AP Aging'!$I$10:$I$24>0)*'AP Aging'!$J$10:$J$24)) | J5: =IF(C5=0,"Nothing owed",IF(SUMIFS('AP Aging'!$I$10:$I$24,'AP Aging'!$B$10:$B$24,B5,'AP Aging'!$S$10:$S$24,"DISPUTED*")>0,"Hold: resolve dispute first",IF(H5>0,"Pay or query now (90+)",IF(G5+F5>0,"Pay this week",IF(E5>0,"Pay in next run","Pay on due date")))))
B6: Sunfield Produce | C6: =SUMIFS('AP Aging'!$I$10:$I$24,'AP Aging'!$B$10:$B$24,B6) | D6: =SUMIFS('AP Aging'!$L$10:$L$24,'AP Aging'!$B$10:$B$24,B6) | E6: =SUMIFS('AP Aging'!$M$10:$M$24,'AP Aging'!$B$10:$B$24,B6) | F6: =SUMIFS('AP Aging'!$N$10:$N$24,'AP Aging'!$B$10:$B$24,B6) | G6: =SUMIFS('AP Aging'!$O$10:$O$24,'AP Aging'!$B$10:$B$24,B6) | H6: =SUMIFS('AP Aging'!$P$10:$P$24,'AP Aging'!$B$10:$B$24,B6) | I6: =SUMPRODUCT(MAX(('AP Aging'!$B$10:$B$24=B6)*('AP Aging'!$I$10:$I$24>0)*'AP Aging'!$J$10:$J$24)) | J6: =IF(C6=0,"Nothing owed",IF(SUMIFS('AP Aging'!$I$10:$I$24,'AP Aging'!$B$10:$B$24,B6,'AP Aging'!$S$10:$S$24,"DISPUTED*")>0,"Hold: resolve dispute first",IF(H6>0,"Pay or query now (90+)",IF(G6+F6>0,"Pay this week",IF(E6>0,"Pay in next run","Pay on due date")))))
B7: Keystone Fuel | C7: =SUMIFS('AP Aging'!$I$10:$I$24,'AP Aging'!$B$10:$B$24,B7) | D7: =SUMIFS('AP Aging'!$L$10:$L$24,'AP Aging'!$B$10:$B$24,B7) | E7: =SUMIFS('AP Aging'!$M$10:$M$24,'AP Aging'!$B$10:$B$24,B7) | F7: =SUMIFS('AP Aging'!$N$10:$N$24,'AP Aging'!$B$10:$B$24,B7) | G7: =SUMIFS('AP Aging'!$O$10:$O$24,'AP Aging'!$B$10:$B$24,B7) | H7: =SUMIFS('AP Aging'!$P$10:$P$24,'AP Aging'!$B$10:$B$24,B7) | I7: =SUMPRODUCT(MAX(('AP Aging'!$B$10:$B$24=B7)*('AP Aging'!$I$10:$I$24>0)*'AP Aging'!$J$10:$J$24)) | J7: =IF(C7=0,"Nothing owed",IF(SUMIFS('AP Aging'!$I$10:$I$24,'AP Aging'!$B$10:$B$24,B7,'AP Aging'!$S$10:$S$24,"DISPUTED*")>0,"Hold: resolve dispute first",IF(H7>0,"Pay or query now (90+)",IF(G7+F7>0,"Pay this week",IF(E7>0,"Pay in next run","Pay on due date")))))
B8: Coastal Packaging | C8: =SUMIFS('AP Aging'!$I$10:$I$24,'AP Aging'!$B$10:$B$24,B8) | D8: =SUMIFS('AP Aging'!$L$10:$L$24,'AP Aging'!$B$10:$B$24,B8) | E8: =SUMIFS('AP Aging'!$M$10:$M$24,'AP Aging'!$B$10:$B$24,B8) | F8: =SUMIFS('AP Aging'!$N$10:$N$24,'AP Aging'!$B$10:$B$24,B8) | G8: =SUMIFS('AP Aging'!$O$10:$O$24,'AP Aging'!$B$10:$B$24,B8) | H8: =SUMIFS('AP Aging'!$P$10:$P$24,'AP Aging'!$B$10:$B$24,B8) | I8: =SUMPRODUCT(MAX(('AP Aging'!$B$10:$B$24=B8)*('AP Aging'!$I$10:$I$24>0)*'AP Aging'!$J$10:$J$24)) | J8: =IF(C8=0,"Nothing owed",IF(SUMIFS('AP Aging'!$I$10:$I$24,'AP Aging'!$B$10:$B$24,B8,'AP Aging'!$S$10:$S$24,"DISPUTED*")>0,"Hold: resolve dispute first",IF(H8>0,"Pay or query now (90+)",IF(G8+F8>0,"Pay this week",IF(E8>0,"Pay in next run","Pay on due date")))))
B9: Ridgeway Logistics | C9: =SUMIFS('AP Aging'!$I$10:$I$24,'AP Aging'!$B$10:$B$24,B9) | D9: =SUMIFS('AP Aging'!$L$10:$L$24,'AP Aging'!$B$10:$B$24,B9) | E9: =SUMIFS('AP Aging'!$M$10:$M$24,'AP Aging'!$B$10:$B$24,B9) | F9: =SUMIFS('AP Aging'!$N$10:$N$24,'AP Aging'!$B$10:$B$24,B9) | G9: =SUMIFS('AP Aging'!$O$10:$O$24,'AP Aging'!$B$10:$B$24,B9) | H9: =SUMIFS('AP Aging'!$P$10:$P$24,'AP Aging'!$B$10:$B$24,B9) | I9: =SUMPRODUCT(MAX(('AP Aging'!$B$10:$B$24=B9)*('AP Aging'!$I$10:$I$24>0)*'AP Aging'!$J$10:$J$24)) | J9: =IF(C9=0,"Nothing owed",IF(SUMIFS('AP Aging'!$I$10:$I$24,'AP Aging'!$B$10:$B$24,B9,'AP Aging'!$S$10:$S$24,"DISPUTED*")>0,"Hold: resolve dispute first",IF(H9>0,"Pay or query now (90+)",IF(G9+F9>0,"Pay this week",IF(E9>0,"Pay in next run","Pay on due date")))))
B10: Apex Refrigeration | C10: =SUMIFS('AP Aging'!$I$10:$I$24,'AP Aging'!$B$10:$B$24,B10) | D10: =SUMIFS('AP Aging'!$L$10:$L$24,'AP Aging'!$B$10:$B$24,B10) | E10: =SUMIFS('AP Aging'!$M$10:$M$24,'AP Aging'!$B$10:$B$24,B10) | F10: =SUMIFS('AP Aging'!$N$10:$N$24,'AP Aging'!$B$10:$B$24,B10) | G10: =SUMIFS('AP Aging'!$O$10:$O$24,'AP Aging'!$B$10:$B$24,B10) | H10: =SUMIFS('AP Aging'!$P$10:$P$24,'AP Aging'!$B$10:$B$24,B10) | I10: =SUMPRODUCT(MAX(('AP Aging'!$B$10:$B$24=B10)*('AP Aging'!$I$10:$I$24>0)*'AP Aging'!$J$10:$J$24)) | J10: =IF(C10=0,"Nothing owed",IF(SUMIFS('AP Aging'!$I$10:$I$24,'AP Aging'!$B$10:$B$24,B10,'AP Aging'!$S$10:$S$24,"DISPUTED*")>0,"Hold: resolve dispute first",IF(H10>0,"Pay or query now (90+)",IF(G10+F10>0,"Pay this week",IF(E10>0,"Pay in next run","Pay on due date")))))
B11: Lakeview Facilities | C11: =SUMIFS('AP Aging'!$I$10:$I$24,'AP Aging'!$B$10:$B$24,B11) | D11: =SUMIFS('AP Aging'!$L$10:$L$24,'AP Aging'!$B$10:$B$24,B11) | E11: =SUMIFS('AP Aging'!$M$10:$M$24,'AP Aging'!$B$10:$B$24,B11) | F11: =SUMIFS('AP Aging'!$N$10:$N$24,'AP Aging'!$B$10:$B$24,B11) | G11: =SUMIFS('AP Aging'!$O$10:$O$24,'AP Aging'!$B$10:$B$24,B11) | H11: =SUMIFS('AP Aging'!$P$10:$P$24,'AP Aging'!$B$10:$B$24,B11) | I11: =SUMPRODUCT(MAX(('AP Aging'!$B$10:$B$24=B11)*('AP Aging'!$I$10:$I$24>0)*'AP Aging'!$J$10:$J$24)) | J11: =IF(C11=0,"Nothing owed",IF(SUMIFS('AP Aging'!$I$10:$I$24,'AP Aging'!$B$10:$B$24,B11,'AP Aging'!$S$10:$S$24,"DISPUTED*")>0,"Hold: resolve dispute first",IF(H11>0,"Pay or query now (90+)",IF(G11+F11>0,"Pay this week",IF(E11>0,"Pay in next run","Pay on due date")))))
B12: Harlan Paper Goods | C12: =SUMIFS('AP Aging'!$I$10:$I$24,'AP Aging'!$B$10:$B$24,B12) | D12: =SUMIFS('AP Aging'!$L$10:$L$24,'AP Aging'!$B$10:$B$24,B12) | E12: =SUMIFS('AP Aging'!$M$10:$M$24,'AP Aging'!$B$10:$B$24,B12) | F12: =SUMIFS('AP Aging'!$N$10:$N$24,'AP Aging'!$B$10:$B$24,B12) | G12: =SUMIFS('AP Aging'!$O$10:$O$24,'AP Aging'!$B$10:$B$24,B12) | H12: =SUMIFS('AP Aging'!$P$10:$P$24,'AP Aging'!$B$10:$B$24,B12) | I12: =SUMPRODUCT(MAX(('AP Aging'!$B$10:$B$24=B12)*('AP Aging'!$I$10:$I$24>0)*'AP Aging'!$J$10:$J$24)) | J12: =IF(C12=0,"Nothing owed",IF(SUMIFS('AP Aging'!$I$10:$I$24,'AP Aging'!$B$10:$B$24,B12,'AP Aging'!$S$10:$S$24,"DISPUTED*")>0,"Hold: resolve dispute first",IF(H12>0,"Pay or query now (90+)",IF(G12+F12>0,"Pay this week",IF(E12>0,"Pay in next run","Pay on due date")))))
B13: Total | C13: =SUM(C5:C12) | D13: =SUM(D5:D12) | E13: =SUM(E5:E12) | F13: =SUM(F5:F12) | G13: =SUM(G5:G12) | H13: =SUM(H5:H12) | J13: =IF(ROUND(C13-'AP Aging'!I25,2)=0,"✓ Ties to AP Aging","✗ Check vendor names")
